 Dungeon Crawl Stone Soup version 0.21.1-1-g345015f (webtiles) character file.

64 sking99 the Skirmisher (level 3, -3/34 HPs)
             Began as a Minotaur Fighter on June 30, 2018.
             Killed by nerve-wracking pain
             ... invoked by eyesofgods1's ghost
              (4 damage)
             ... on level 3 of the Dungeon.
             The game lasted 00:03:40 (1487 turns).

sking99 the Skirmisher (Minotaur Fighter)           Turns: 1487, Time: 00:03:41

Health: -3/34      AC:  6    Str: 20    XL:     3   Next: 91%
Magic:  2/2        EV:  7    Int:  5    God:
Gold:   72         SH:  9    Dex: 10    Spells: 2/2 levels left

rFire    . . .     SeeInvis .   a - +0 flail
rCold    . . .     Gourm    .   c - +0 shield
rNeg     . . .     Faith    .   b - +0 scale mail
rPois    .         Spirit   .   (helmet restricted)
rElec    .         Reflect  .   (no cloak)
rCorr    .         Harm     .   (no gloves)
MR       .....                  (no boots)
Stlth    ..........             (no amulet)
HPRegen  0.11/turn              (no ring)
MPRegen  0.08/turn              (no ring)

@: no status effects
A: retaliatory headbutt, horns 2
a: no special abilities


You were on level 3 of the Dungeon.
You were very hungry.

You visited 1 branch of the dungeon, and saw 3 of its levels.

You collected 72 gold pieces.

Inventory:

Hand Weapons
 a - a +0 flail (weapon)
Armour
 b - a +0 scale mail (worn)
 c - a +0 shield (worn)
Jewellery
 j - an uncursed ring of positive energy {unknown}
Scrolls
 h - 4 scrolls of identify {unknown}
 i - 2 scrolls of teleportation {unknown}
 l - 2 scrolls of remove curse {unknown}
 p - a scroll of amnesia {unknown}
Potions
 d - a potion of might
 e - 2 potions of heal wounds {unknown}
 k - 4 potions of ambrosia {unknown}
 m - a potion of lignification {unknown}
 n - 2 potions of agility {unknown}
 o - a potion of degeneration {unknown}
 q - a potion of cancellation {unknown}
Comestibles
 f - 3 rations


   Skills:
 + Level 4.4 Fighting
 * Level 4.4 Maces & Flails
 - Level 3.6 Armour
 - Level 3.7 Shields


You had 2 spell levels left.
You didn't know any spells.

Dungeon Overview and Level Annotations

Branches:
Dungeon (3/15)

Altars:

Annotations:
D:2 Sigmund
D:3 eyesofgods1's ghost, amateur DENe


Innate Abilities, Weirdness & Mutations

You reflexively headbutt those who attack you in melee.
You have a pair of horns on your head.


Message History

Eyesofgods1's ghost hits you.
You hit eyesofgods1's ghost.
Your headbutt misses eyesofgods1's ghost.
Eyesofgods1's ghost is severely damaged.
Eyesofgods1's ghost hits you but does no damage.
You hit eyesofgods1's ghost.
Eyesofgods1's ghost is severely damaged.
You block eyesofgods1's ghost's attack.
Eyesofgods1's ghost points at you and mumbles some strange words.
You barely resist. You hit eyesofgods1's ghost.
Eyesofgods1's ghost is almost destroyed.
Eyesofgods1's ghost casts a spell at you.
Pain shoots through your body!
* * * LOW HITPOINT WARNING * * *
You hit eyesofgods1's ghost.
Eyesofgods1's ghost is almost destroyed.
Eyesofgods1's ghost gestures at you while chanting.
Pain shoots through your body!
You die...

##.#..#.#.#.#.#
#....##....#.#
###........#.#
#####....#.#+##
####......#
##......#
#...?...#
#..W.#.####.#
#.@.......>...
###)...####.#.
..'.......#
#.##....##.# #
#....# # #....#
######


You could see eyesofgods1's ghost.

Vanquished Creatures
  An adder (D:2)
  A worm (D:2)
  3 dart slugs (D:1)
  3 ball pythons
  4 bats
  2 giant cockroaches (D:1)
  4 hobgoblins (D:1)
  6 jackals (D:2)
  5 frilled lizards
  6 goblins
  6 kobolds
  5 rats
46 creatures vanquished.

Notes
Turn   | Place    | Note
-------+----------+-------------------------------------------
     0 | D:1      | sking99 the Minotaur Fighter began the quest for the Orb.
     0 | D:1      | Reached XP level 1. HP: 19/19 MP: 0/0
   204 | D:1      | Reached XP level 2. HP: 25/27 MP: 1/1
   659 | D:1      | Reached XP level 3. HP: 33/33 MP: 2/2
  1120 | D:2      | Noticed Sigmund
  1458 | D:3      | Noticed eyesofgods1's ghost (amateur DENe)
  1486 | D:3      | HP: 1/34 [eyesofgods1's ghost/nerve-wracking pain (14)]
  1487 | D:3      | Killed from afar by eyesofgods1's ghost

Skill      XL: |  1  2  3 |
---------------+----------+-----
Maces & Flails | 3 4 |  4.4
Fighting       | 4 |  4.4
Armour         | |  3.6
Shields        | |  3.7

Action                   || total
-------------------------++-------
Melee: Flail             ||   134
       Headbutt          ||    17
  Eat: Chunk             ||     1
Armor: Scale mail        ||    59
Dodge: Dodged            ||    37
Block: Shield            ||    89
